 Dungeon Crawl Stone Soup version 0.16-a0-3667-g690a316 (webtiles) character file.

190 Domokun the Ruffian (level 5, -2/55 HPs)
             Began as a Bearkin Transmuter on May 5, 2015.
             Was an Initiate of Makhleb.
             Slain by Ekaitz's ghost (10 damage)
             ... on level 3 of the Dungeon.
             The game lasted 00:05:07 (1695 turns).

Domokun the Ruffian (Bearkin Transmuter)            Turns: 1695, Time: 00:05:07

Health: -2/55      AC:  5    Str: 20    XL:     5   Next: 41%
Magic:  9/9        EV: 12    Int: 12    God:    Makhleb [......]
Gold:   48         SH:  0    Dex: 12    Spells: 1 memorised, 7 levels left

rFire  . . .     SeeInvis .       - Unarmed
rCold  . . .     Clarity  .     c - +0 robe
rNeg   . . .     SustAb   .     (no shield)
rPois  .         Gourm    .     n - +0 helmet
rElec  .         Spirit   .     (no cloak)
rCorr  .         Warding  .     (no gloves)
rMut   .         Stasis   .     m - +0 pair of boots
MR     .....                    e - amulet of regeneration
Stlth  ..........               (no ring)
                                (no ring)

@: berserking, very quick, not resistant to hostile enchantments, extremely
unstealthy
A: claws 2, shaggy fur 1, hind claws 1, cornered berserk
a: Cornered Berserk, Renounce Religion


You were on level 3 of the Dungeon.
You worshipped Makhleb.
Makhleb was noncommittal.
You were not hungry.

You visited 1 branch of the dungeon, and saw 3 of its levels.

You collected 48 gold pieces.

Inventory:

Missiles
 b - 12 arrows
Armour
 c - a +0 robe (worn)
 m - a +0 pair of boots (worn)
 n - a +0 helmet (worn)
Jewellery
 e - an amulet of regeneration (around neck)
 o - an uncursed ring of magical power {unknown}
Magical devices
 u - a wand of teleportation (3)
Scrolls
 f - a scroll of teleportation {unknown}
 g - 7 scrolls of remove curse {unknown}
 i - a scroll of noise {unknown}
 j - a scroll of amnesia {unknown}
 l - 2 scrolls of identify {unknown}
 r - 2 scrolls of magic mapping {unknown}
Potions
 h - 2 potions of resistance
 k - 2 potions of curing {unknown}
 p - a potion of ambrosia {unknown}
 s - 2 potions of lignification {unknown}
Books
 d - a book of Changes

   Spells                             Type                      Level
   a - Beastly Appendage              Transmutation                1
   b - Sticks to Snakes               Transmutation                2
   c - Spider Form                    Transmutation/Poison         3
   d - Ice Form                       Ice/Transmutation            4
   e - Blade Hands                    Transmutation                5
Comestibles
 a - 3 bread rations
 q - 5 chunks of flesh
 t - a meat ration


   Skills:
 - Level 1.0 Fighting
 - Level 1.5 Dodging
 + Level 6.2 Unarmed Combat
 - Level 2.0 Spellcasting
 - Level 2.0 Transmutations


You had 7 spell levels left.
You knew the following spells:

 Your Spells              Type           Power        Failure   Level  Hunger
a - Beastly Appendage     Trmt           #.....       12%         1    ##.....


Dungeon Overview and Level Annotations

Branches:
Dungeon (3/15)

Altars:
Makhleb
Qazlal

Annotations:
D:3 Ekaitz's ghost, average BeEE


Innate Abilities, Weirdness & Mutations

You have very sharp fingernails.
You are covered in fur (AC +1).
Your hind legs have claws.
You can berserk when greatly wounded.


Message History

Ekaitz's ghost misses you.
You scratch Ekaitz's ghost.
You claw Ekaitz's ghost, but do no damage.
Ekaitz's ghost is severely damaged.
Ekaitz's ghost hits you!
You scratch Ekaitz's ghost.
You claw Ekaitz's ghost, but do no damage.
Ekaitz's ghost is severely damaged.
Ekaitz's ghost hits you!
* * * LOW HITPOINT WARNING * * *
You are too injured to fight recklessly!
You are too injured to fight recklessly!
You are too injured to fight recklessly!
You are too injured to fight recklessly!
You are too injured to fight recklessly!
You are too injured to fight recklessly!
Use which ability? (? or * to list)
A red film seems to cover your vision as you go berserk!
You feel yourself moving faster!
You feel mighty! Ekaitz's ghost hits you!
You die...

##....)....
.########..........
.............<.....
#....###..........
#.................
#.......####..###. #
##>##.#####..## #
.....####..........##
#...W@...........#
###...............
#....#........##.
................#
........####....##
.......# #..#..#
....... ...#.. ......
.... ... #


You could see Ekaitz's ghost.

Vanquished Creatures
  Sigmund (D:2)
  Ijyb (D:2)
  4 adders
  A gnoll (D:1)
  A worm (D:2)
  An orc (D:3)
  6 goblins (D:1)
  6 hobgoblins
  7 jackals (D:1)
  5 kobolds
  2 quokkas (D:2)
  4 bats
  2 giant cockroaches
  A giant newt (D:3)
  6 rats
48 creatures vanquished.

Vanquished Creatures (others)
  A quokka (D:3)
1 creature vanquished.

Grand Total: 49 creatures vanquished

Notes
Turn   | Place    | Note
--------------------------------------------------------------
     0 | D:1      | Domokun, the Bearkin Transmuter, began the quest for the Orb.
     0 | D:1      | Reached XP level 1. HP: 15/15 MP: 3/3
   186 | D:1      | Reached XP level 2. HP: 16/21 MP: 4/4
   440 | D:1      | Reached skill level 4 in Unarmed Combat
   588 | D:1      | Reached XP level 3. HP: 23/26 MP: 6/6
   833 | D:2      | Noticed Ijyb
   846 | D:2      | Killed Ijyb
   860 | D:2      | Reached skill level 5 in Unarmed Combat
   860 | D:2      | Gained mutation: You have very sharp fingernails. [bearkin transformation]
   860 | D:2      | Reached XP level 4. HP: 29/32 MP: 7/7
   887 | D:2      | Found a burning altar of Makhleb.
   948 | D:2      | Became a worshipper of Makhleb the Destroyer
  1214 | D:2      | Found a stormy altar of Qazlal.
  1422 | D:2      | Noticed Sigmund
  1436 | D:2      | Killed Sigmund
  1436 | D:2      | Reached skill level 6 in Unarmed Combat
  1436 | D:2      | Reached XP level 5. HP: 25/37 MP: 9/9
  1677 | D:3      | Noticed Ekaitz's ghost (average BeEE)
  1695 | D:3      | Slain by Ekaitz's ghost

Action                   |  1- 3 |  4- 6 || total
-------------------------+-------+-------++-------
Melee: Unarmed           |    91 |   100 ||   191
 Abil: Cornered Berserk  |       |     1 ||     1
  Eat: Chunk             |       |     3 ||     3
